 Dungeon Crawl Stone Soup version 0.18.1-8-gdd0e5ea (webtiles) character file.

151 Wooh the Covered (level 5, 0/35 HPs)
             Began as a Halfling Fighter on May 28, 2016.
             Slain by Jessica
             ... wielding a +5 club
              (2 damage)
             ... on level 3 of the Dungeon.
             The game lasted 00:08:56 (2903 turns).

Wooh the Covered (Halfling Fighter)                 Turns: 2903, Time: 00:08:57

Health: 0/35       AC:  8    Str: 16    XL:     5   Next: 60%
Magic:  5/5        EV:  8    Int:  7    God:
Gold:   114        SH:  9    Dex: 15    Spells: 0 memorised, 4 levels left

rFire  . . .     SeeInvis .     h - +0 short sword
rCold  . . .     Gourm    .     b - +0 scale mail
rNeg   . . .     Faith    .     c - +0 shield
rPois  .         Spirit   .     j - +0 helmet
rElec  .         Dismiss  .     (no cloak)
rCorr  .         Reflect  .     (no gloves)
SustAt .         Harm     .     (no boots)
MR     .....                    (no amulet)
Stlth  ..........               (no ring)
                                (no ring)

@: not resistant to hostile enchantments, extremely unstealthy
A: mutation resistance 1
a: no special abilities


You were on level 3 of the Dungeon.
You were not hungry.

You visited 1 branch of the dungeon, and saw 3 of its levels.

You collected 114 gold pieces.

Inventory:

Hand Weapons
 a - a +0 long sword
 h - a +0 short sword (weapon)
Missiles
 p - 23 arrows
 q - 5 steel tomahawks
 s - 3 tomahawks (quivered)
Armour
 b - a +0 scale mail (worn)
 c - a +0 shield (worn)
 j - a +0 helmet (worn)
Jewellery
 e - a +3 ring of dexterity {unknown}
Scrolls
 g - a scroll of amnesia {unknown}
 k - 2 scrolls of identify {unknown}
 m - a scroll of magic mapping {unknown}
 o - a scroll of random uselessness {unknown}
 u - a scroll of enchant armour {unknown}
Potions
 d - a potion of might
 i - 2 potions of brilliance {unknown}
 l - a potion of degeneration {unknown}
 n - a potion of curing {unknown}
 w - a potion of magic {unknown}
Comestibles
 f - a bread ration
 r - 2 chunks of flesh
 t - 3 fruits
 v - a royal jelly


   Skills:
 - Level 2.6 Fighting
 + Level 3.1(3.6) Short Blades
 - Level 2.0(2.5) Long Blades
 - Level 5.7 Armour
 - Level 3.2 Shields


You had 4 spell levels left.
You didn't know any spells.

Dungeon Overview and Level Annotations

Branches:
Dungeon (3/15)

Altars:

Annotations:
D:2 Sigmund
D:3 Jessica


Innate Abilities, Weirdness & Mutations

You are small and have problems with some larger weapons.
You are somewhat resistant to further mutation.


Message History

* * * LOW HITPOINT WARNING * * *
The hobgoblin barely misses you.
Found a pair of gloves.
You closely miss the hobgoblin.
The hobgoblin is almost dead.
You block the hobgoblin's attack.
Jessica gestures wildly while chanting.
Jessica seems to speed up.
The hobgoblin barely misses you.
You hit the hobgoblin.
You kill the hobgoblin!
Jessica mumbles some strange words.
Jessica blinks!
Jessica casts a spell.
Jessica blinks!
Found a blue potion.
You hit Jessica but do no damage.
Jessica is almost dead.
Jessica hits you with an enchanted club.
You die...

. #. # .. .#
###.#####.
.!.......
......[.# #. #@#
#. #@# #.###.#
#..##)# #.##.#
#.####.##.####..
#..............#
######..#######...
##.## #..#


You could see Jessica.

Vanquished Creatures
  Natasha (twice) (D:2)
  3 adders (D:2)
  2 oozes
  2 dart slugs (D:1)
  4 giant geckos
  An orc (D:3)
  2 ball pythons (D:2)
  7 bats
  4 giant cockroaches
  6 hobgoblins
  7 kobolds
  A quokka (D:2)
  4 giant newts
  8 goblins
  6 rats
59 creatures vanquished.

Notes
Turn   | Place    | Note
--------------------------------------------------------------
     0 | D:1      | Wooh the Halfling Fighter began the quest for the Orb.
     0 | D:1      | Reached XP level 1. HP: 15/15 MP: 1/1
    45 | D:1      | Reached XP level 2. HP: 16/20 MP: 2/2
    50 | D:1      | Reached skill level 4 in Armour
   296 | D:1      | Reached XP level 3. HP: 21/25 MP: 3/3
   497 | D:2      | Noticed Natasha
   860 | D:2      | Reached skill level 5 in Armour
   860 | D:2      | Reached XP level 4. HP: 25/30 MP: 4/4
  1180 | D:2      | Noticed Sigmund
  1494 | D:2      | Killed Natasha
  1494 | D:2      | Reached XP level 5. HP: 14/35 MP: 5/5
  1660 | D:2      | Noticed Natasha
  1666 | D:2      | Killed Natasha
  2863 | D:3      | Noticed Jessica
  2894 | D:3      | HP: 1/35 [hobgoblin/lajatang (13)]
  2903 | D:3      | Slain by Jessica

Skill      XL: |  1  2  3  4  5 |
---------------+----------------+-----
Armour         | 4 5 |  5.7
Short Blades   | 2 3 |  3.1
Fighting       | |  2.6
Long Blades    | |  2.0
Shields        | |  3.2

Action                   |  1- 3 |  4- 6 || total
-------------------------+-------+-------++-------
Melee: Long sword        |   105 |    95 ||   200
       Short sword       |       |   103 ||   103
Throw: Tomahawk          |       |     7 ||     7
  Eat: Chunk             |       |     4 ||     4
       Meat ration       |       |     1 ||     1
Armor: Scale mail        |    51 |    83 ||   134
Dodge: Dodged            |    50 |    65 ||   115
Block: Shield            |    62 |    95 ||   157
